 Dungeon Crawl Stone Soup version 0.30-a0-737-gf23d94013f (webtiles) character file.

Game seed: 1969777861452224595

55 Chromium the Covered (level 3, -1/33 HPs)
             Began as an Armataur Fighter on Feb 1, 2023.
             Succumbed to a goblin's poison
             ... on level 1 of the Dungeon.
             The game lasted 00:03:19 (841 turns).

Chromium the Covered (Armataur Fighter)              Turns: 841, Time: 00:03:19

Health: -1/33      AC:  7    Str: 23    XL:     3   Next: 67%
Magic:  3/3        EV:  7    Int:  8    God:
Gold:   82         SH:  4    Dex:  9    Spells: 2/2 levels left

rFire   . . .      SeeInvis .    a - +0 long sword
rCold   . . .      Faith    .    c - +0 buckler
rNeg    . . .      Spirit   .    b - +0 scale mail
rPois   .          Reflect  .    (no helmet)
rElec   .          Harm     .    (no cloak)
rCorr   .          Roll     +    (no gloves)
Will    .....                    (no barding) Stlth
                                 (no amulet)
HPRegen 0.25/turn                (no ring)
MPRegen 0.08/turn                (no ring)

@: lethally poisoned (-1 -> -23)
A: large, rugged brown scales 3, deformed body, armoured tail, roll, long
tongue, awkward tongue
a: no special abilities


You were on level 1 of the Dungeon.
You visited 1 branch of the dungeon, and saw 2 of its levels.

You collected 82 gold pieces.

Inventory:

Hand Weapons
 a - a +0 long sword (weapon)
Armour
 b - a +0 scale mail (worn)
 c - a +0 buckler (worn)
Scrolls
 e - a scroll of fog {unknown}
 h - a scroll of identify {unknown}
 i - 2 scrolls of teleportation {unknown}
 j - a scroll of enchant weapon {unknown}
 k - a scroll of poison {unknown}
Potions
 d - 2 potions of brilliance {unknown}
 f - a potion of lignification {unknown}
 g - a potion of heal wounds


   Skills:
 + Level 3.1 Fighting
 + Level 2.4 Long Blades
 + Level 4.2 Armour
 + Level 3.7 Shields


You had 2 spell levels left.
You didn't know any spells.
Your spell library contained the following spells:

 Spells                   Type           Power      Damage    Failure   Level
 Blink                    Tloc           0%         N/A       89%         2
 Lesser Beckoning         Tloc           0%         N/A       89%         2
 Momentum Strike          Conj/Tloc      0%         3d8       89%         2
 Kindle Blastsparks       Fire/Tloc/Air  0%         2d10      98%         3
 Fulminant Prism          Conj/Hex       0%         3d5       100%        4
 Iskenderun's Mystic Bla  Conj/Tloc      0%         2d3       100%        4
 Lee's Rapid Deconstruct  Erth           0%         3d4*      100%        5


Dungeon Overview and Level Annotations

Branches:
Dungeon (2/15)

Altars:

Shops:
D:2 =


Innate Abilities, Weirdness & Mutations

You are completely covered in rugged brown scales. (AC +3, +7% HP)
Armour fits poorly on your strangely shaped body.
You have a long armoured tail.
You roll when moving toward enemies. (Rampage)
Your long tongue fully drains potion bottles. (2x potion effects)
Your tongue gives you trouble enunciating. (1.5x scroll delay)


Message History

A hobgoblin comes into view.
You roll towards the kobold!
You block the kobold's attack.
You closely miss the kobold.
The kobold hits you but does no damage. x2
You barely miss the kobold.
The kobold hits you with a +0 short sword.
You hit the kobold.
The kobold is severely wounded.
The hobgoblin hits you but does no damage.
The kobold hits you but does no damage.
You barely miss the kobold.
The kobold is severely wounded.
The hobgoblin hits you but does no damage.
You block the kobold's attack. The kobold hits you but does no damage.
The goblin hits you but does no damage.
You are poisoned.
The hobgoblin hits you but does no damage.
You closely miss the kobold.
The kobold is severely wounded.
You feel very sick. The hobgoblin completely misses you.
The goblin hits you with a +2 dagger of venom.
You are more poisoned.
The kobold hits you with a +0 short sword.
You slash the kobold!
You kill the kobold!
You feel very sick. The hobgoblin closely misses you.
You block the goblin's attack.
You barely miss the hobgoblin.
Your tail-slap misses the hobgoblin.
You feel very sick. The hobgoblin closely misses you.
The goblin hits you with a +2 dagger of venom.
You are lethally poisoned!
You closely miss the hobgoblin.
* * * LOW HITPOINT WARNING * * *
You feel very sick. The hobgoblin closely misses you.
The goblin hits you but does no damage. The hobgoblin closely misses you.
The goblin hits you but does no damage.
You are more poisoned.
You closely miss the hobgoblin.
You die...

...# ...# ......... .#.# ..
#........ ...# ..## #.....!..
...# ....####........ ...#
.......#........ .#.#.
......#..$..... .#.#.
#...g.)......
.#.#.#######...#@g.......
.#.#.#....................
.#.#.#.#####...#........ ..####
.#.#.#.#.....#.######### ...#
.#.......#.#.#.####### #.###
.#.....†.#...........# #...#
.....)...#####.#####.# #.#..
...............# #.# ##.##.
........############.###.###.##..


You could see a hobgoblin and a goblin.

Vanquished Creatures
  An adder (D:2)
  A worm (D:2)
  A dart slug (D:1)
  4 ball pythons
  3 endoplasms
  A giant cockroach (D:2)
  8 goblins
  6 hobgoblins
  2 quokkas
  2 bats (D:1)
  4 frilled lizards (D:1)
  3 kobolds
  A rat (D:2)
37 creatures vanquished.

Notes
Turn   | Place    | Note
-------+----------+-------------------------------------------
     0 | D:1      | Chromium the Armataur Fighter began the quest for the Orb.
     0 | D:1      | Reached XP level 1. HP: 19/19 MP: 1/1
   207 | D:1      | Reached XP level 2. HP: 26/26 MP: 2/2
   307 | D:1      | You fall into a shaft and drop 1 floor!
   361 | D:2      | Reached skill level 4 in Armour
   484 | D:2      | Reached XP level 3. HP: 33/33 MP: 3/3
   734 | D:2      | Found Uveorid's Jewellery Emporium.
   841 | D:1      | Succumbed to a goblin's poison

Illustrated notes

Levels and vault maps discovered:
D:1:      psy_arrival_spokes, layout_basic, st_stairs_2
D:2:      cheibrodos_greedy_goblins, layout_loops_cross, serial_shops,
          nicolae_shop_stone, kennysheep_flooded_box, uniq_natasha

Skill      XL: |  1  2 |
---------------+-------+-----
Long Blades    | 2 |  2.4
Fighting       | 3 |  3.1
Armour         | 4 |  4.2
Shields        | |  3.7

Action                     || total
---------------------------++-------
  Melee: Long sword        ||   111
         Tailslap          ||     5
    Use: Potion            ||     2
 Armour: Scale mail        ||    64
  Dodge: Dodged            ||    47
  Block: Buckler           ||    20

Table legend: (Time is in decaauts)
 A = Elapsed time spent in this place.
 B = Non-inter-level travel time spent in this place.
 C = Inter-level travel time spent in this place.
 D = Time resting spent in this place.
 E = Time spent auto-exploring this place.
 F = Levels seen in this place.
 G = Mean time per level.
                   A        B        C        D        E       F      G
               +--------+--------+--------+--------+--------+-----+--------+
         Total |    876 |    750 |    126 |      0 |    503 |   2 |  438.0 |
       Dungeon |    876 |    750 |    126 |      0 |    503 |   2 |  438.0 |
               +--------+--------+--------+--------+--------+-----+--------+

Top non-repeatable levels by time:
     D:2: 472 daAuts
     D:1: 404 daAuts
